 Dungeon Crawl Stone Soup version 0.26.1-10-gdfb7c7de75 (webtiles) character file.

Game seed: 1371294425344129644

51 Eitelfritz the Skirmisher (level 3, -6/33 HPs)
             Began as a Hill Orc Fighter on Apr 10, 2021.
             Killed by nerve-wracking pain
             ... invoked by Jessica
              (14 damage)
             ... on level 2 of the Dungeon.
             The game lasted 00:03:07 (1244 turns).

Eitelfritz the Skirmisher (Hill Orc Fighter)        Turns: 1244, Time: 00:03:08

Health: -6/33      AC:  6    Str: 19    XL:     3   Next: 81%
Magic:  3/3        EV:  7    Int:  8    God:
Gold:   70         SH:  9    Dex: 10    Spells: 2/2 levels left

rFire    . . .     SeeInvis .   a - +0 long sword
rCold    . . .     Faith    .   c - +0 kite shield
rNeg     . . .     Spirit   .   b - +0 scale mail
rPois    .         Reflect  .   (no helmet)
rElec    .         Harm     .   (no cloak)
rCorr    .         Rampage  .   (no gloves)
Will     .....                  (no boots)
Stlth    ..........             (no amulet)
HPRegen  0.11/turn              (no ring)
MPRegen  0.08/turn              (no ring)

@: no status effects
A: no striking features
a: no special abilities


You were on level 2 of the Dungeon.
You visited 1 branch of the dungeon, and saw 2 of its levels.

You collected 70 gold pieces.

Inventory:

Hand Weapons
 a - a +0 long sword (weapon)
Missiles
 g - 39 stones (quivered)
 i - 10 bolts
 q - 3 silver boomerangs
Armour
 b - a +0 scale mail (worn)
 c - a +0 kite shield (worn)
 m - a +2 helmet
Jewellery
 e - an uncursed amulet of the acrobat {unknown}
 o - a +6 ring of dexterity {unknown}
Scrolls
 h - a scroll of teleportation {unknown}
 l - a scroll of amnesia {unknown}
 n - 3 scrolls of identify {unknown}
 p - a scroll of enchant armour {unknown}
Potions
 d - a potion of might
 f - a potion of haste {unknown}
 j - a potion of degeneration {unknown}
 k - 3 potions of flight {unknown}


   Skills:
 + Level 4.2 Fighting
 + Level 2.9 Long Blades
 + Level 0.2 Throwing
 + Level 3.5 Armour
 + Level 0.2 Dodging
 + Level 4.0 Shields


You had 2 spell levels left.
You didn't know any spells.
Your spell library was empty.

Dungeon Overview and Level Annotations

Branches:
Dungeon (2/15)

Altars:

Annotations:
D:2 Jessica


Message History

Jessica is lightly wounded.
Jessica points at you and mumbles some strange words.
You barely resist.
Jessica casts a spell.
Jessica seems to speed up.
You barely miss Jessica.
Jessica is lightly wounded.
Jessica hits you but does no damage. Jessica gestures at you while chanting.
Pain shoots through your body!
You closely miss Jessica.
Jessica is lightly wounded.
Jessica hits you with a +0 club.
* * * LOW HITPOINT WARNING * * *
You block Jessica's attack.
You closely miss Jessica.
Jessica is lightly wounded.
Jessica points at you and mumbles some strange words.
Pain shoots through your body!
You die...

...###### ### ........#
#.( .. .######.# #.####
#. .# #.# #(##.. .. ##
#.# #(##.##.# ####.##
#(##....# ##.#...##
#(##.#..#.#
###.......###)##......##
...........<....@......+
###....)..######.@..####
##.#...## #.#.## ####.##
#.### ##...## #?#
#.....# #.# ##...## #.#
#..## #?# #.##


You could see Jessica (fast).

Vanquished Creatures
  3 adders (D:2)
  A worm (D:2)
  A leopard gecko (D:1)
  A giant cockroach (D:1)
  4 goblins
  3 hobgoblins
  A bat (D:1)
  3 frilled lizards
  3 kobolds
  3 rats (D:1)
23 creatures vanquished.

Notes
Turn   | Place    | Note
-------+----------+-------------------------------------------
     0 | D:1      | Eitelfritz the Hill Orc Fighter began the quest for the
                  | Orb.
     0 | D:1      | Reached XP level 1. HP: 19/19 MP: 1/1
   129 | D:1      | Reached XP level 2. HP: 27/27 MP: 2/2
   517 | D:2      | Reached XP level 3. HP: 24/33 MP: 3/3
  1237 | D:2      | Noticed Jessica
  1244 | D:2      | Killed from afar by Jessica

Illustrated notes

Levels and vault maps discovered:
D:1:      dpeg_arrival_line_fractal, layout_rooms
D:2:      layout_loops_corners, lemuel_crystal_altar,
          nicolae_gozag_cash_rules_everything_around_me,
          overflow_temple_1_default, serial_undead, serial_undead_a,
          serial_undead_c, serial_undead_c, serial_undead_c, serial_undead_f,
          serial_undead_a, lemuel_blue_sif_altar, uniq_jessica, uniq_terence

Skill      XL: |  1  2  3 |
---------------+----------+-----
Fighting       | 4 |  4.2
Shields        | 4 |  4.0
Long Blades    | |  2.9
Throwing       | |  0.2
Armour         | |  3.5
Dodging        | |  0.2

Action                   || total
-------------------------++-------
Melee: Long sword        ||    88
Throw: Stone             ||    44
Armor: Scale mail        ||    28
Dodge: Dodged            ||    22
Block: Kite shield       ||    43
       Rpst.: Long sword ||     3
